 Dungeon Crawl Stone Soup version 0.23-a0-319-gb40ba49 (webtiles) character file.

780 Garbasso the Skirmisher (level 7, -2/75 HPs)
             Began as an Ogre Transmuter on Oct 14, 2018.
             Slain by a sky beast (5 damage)
             ... on level 6 of the Dungeon.
             The game lasted 00:22:56 (6194 turns).

Garbasso the Skirmisher (Ogre Transmuter)           Turns: 6194, Time: 00:22:57

Health: -2/75      AC:  4    Str: 15    XL:     7   Next: 85%
Magic:  10/11      EV: 10    Int: 14    God:
Gold:   216        SH:  0    Dex: 11    Spells: 2/12 levels left

rFire    . . .     SeeInvis .     - Unarmed
rCold    . . .     Gourm    .   (no shield)
rNeg     . . .     Faith    .   b - +1 robe
rPois    .         Spirit   .   (helmet restricted)
rElec    .         Reflect  .   (no cloak)
rCorr    .         Harm     .   (gloves unavailable)
MR       .....                  (boots unavailable)
Stlth    +.........             (no amulet)
HPRegen  0.22/turn              j - +3 ring of slaying
MPRegen  0.12/turn              (no ring)

@: no status effects
A: large, unfitting armour, tough skin 1
a: no special abilities


You were on level 6 of the Dungeon.
You were hungry.

You visited 1 branch of the dungeon, and saw 6 of its levels.

You collected 216 gold pieces.

Inventory:

Missiles
 a - 4 arrows
Armour
 b - a +1 robe (worn)
Jewellery
 j - a +3 ring of slaying (left hand)
Wands
 g - a wand of acid (10)
 n - a wand of random effects (28)
Scrolls
 e - a scroll of enchant weapon
 f - 5 scrolls of remove curse
 i - 3 scrolls of teleportation
Potions
 c - a potion of agility {unknown}
 d - 3 potions of heal wounds {unknown}
 h - a potion of mutation {unknown}
 k - 3 potions of cancellation
 l - 2 potions of ambrosia
 o - 2 potions of resistance
 p - 2 potions of lignification
 q - 2 potions of might
 r - a potion of curing {unknown}
 s - a potion of invisibility {unknown}
Comestibles
 m - 6 rations


   Skills:
 + Level 6.0 Fighting
 + Level 3.1 Dodging
 * Level 4.7 Unarmed Combat
 - Level 3.0 Spellcasting
 - Level 3.0 Transmutations
 + Level 1.6 Ice Magic
 - Level 2.2 Poison Magic


You had 2 spell levels left.
You knew the following spells:

 Your Spells              Type           Power        Failure   Level  Hunger
a - Beastly Appendage     Tmut           ##....       6%          1    #......
b - Sticks to Snakes      Tmut           ##......     10%         2    ##.....
c - Spider Form           Tmut/Pois      #.........   22%         3    ###....
d - Ice Form              Ice/Tmut       #.......     63%         4    #####..

Your spell library contained the following spells:

 Spells                   Type           Power        Failure   Level  Hunger
 Blade Hands              Tmut           ##........   86%         5    ######.


Dungeon Overview and Level Annotations

Branches:
Dungeon (6/15)
 Temple: D:4-7

Altars:


Innate Abilities, Weirdness & Mutations

You are too large for most types of armour.
You have tough skin. (AC +1)


Message History

* * * LOW HITPOINT WARNING * * *
Something shocks you.
* * * LOW HITPOINT WARNING * * *
You barely miss something. Something hits you.
* * * LOW HITPOINT WARNING * * *
Something shocks you.
* * * LOW HITPOINT WARNING * * *
A sky beast appears from thin air!
Reactivating autopickup.
The sky beast flickers out of sight!
Deactivating autopickup; reactivate with Ctrl-A.
Your transformation is almost over.
A sky beast appears from thin air!
Reactivating autopickup.
Your transformation has ended.
Your +1 robe unmelds from your body.
You open the door. The sky beast hits you.
* * * LOW HITPOINT WARNING * * *
The sky beast shocks you.
You die...

#.#.# #.#.# ###### #.#.#....#
#....# #.#.#....# #....#
#.#.#....# #....# #.#.#....#
###########....####.#.#....#
(......#.......'@Y....+....###
######.#.##....####.#≈#.....$.
..................)...........
.....#.#≈##########.#.####.##.
####.#.#....≈..............#
#.#.#..#########...######
#.#.#... +...+ #.#.#.### #...#
#.#.#.# #####


You could see a sky beast.

Vanquished Creatures
  A phantom (D:5)
  A bullfrog (D:5)
  2 howler monkeys
  A gnoll shaman (D:4)
  An orc priest (D:4)
  A hound (D:5)
  2 jellies
  Ijyb (D:3)
  An orc wizard (D:4)
  4 gnolls (D:4)
  11 adders
  8 oozes
  An adder skeleton (D:4)
  A worm (D:2)
  8 leopard geckos
  7 orcs
  5 giant cockroaches
  9 goblins
  6 hobgoblins
  4 jackals (D:3)
  8 kobolds
  A ball python (D:2)
  7 bats
  5 frilled lizards
  2 quokka skeletons
  6 rats
104 creatures vanquished.

Vanquished Creatures (collateral kills)
  An ogre (D:2)
  Terence (D:3)
  An adder (D:2)
3 creatures vanquished.

Vanquished Creatures (others)
  2 fungi (D:2)
  8 toadstools (D:2)
10 creatures vanquished.

Grand Total: 117 creatures vanquished

Notes
Turn   | Place    | Note
-------+----------+-------------------------------------------
     0 | D:1      | Garbasso the Ogre Transmuter began the quest for the Orb.
     0 | D:1      | Reached XP level 1. HP: 19/19 MP: 3/3
   287 | D:1      | Reached XP level 2. HP: 28/28 MP: 3/5
   423 | D:1      | Learned a level 2 spell: Sticks to Snakes
   438 | D:1      | Reached skill level 2 in Fighting
   796 | D:1      | Reached XP level 3. HP: 26/36 MP: 6/6
   882 | D:1      | Learned a level 3 spell: Spider Form
  1068 | D:1      | You fall through a shaft!
  1147 | D:2      | Reached skill level 3 in Fighting
  1287 | D:2      | Reached XP level 4. HP: 25/45 MP: 4/7
  1495 | D:2      | Found a faded altar of an unknown god.
  1516 | D:2      | Reached skill level 1 in Poison Magic
  1903 | D:2      | Reached XP level 5. HP: 14/53 MP: 5/8
  2349 | D:2      | Noticed an ogre
  2375 | D:2      | HP: 1/54 [ogre/giant club (17)]
  2377 | D:2      | Killed an ogre
  2377 | D:2      | Reached skill level 4 in Fighting
  3102 | D:3      | Reached XP level 6. HP: 56/65 MP: 9/9
  3602 | D:3      | Noticed Ijyb
  3612 | D:3      | Killed Ijyb
  3691 | D:3      | Reached skill level 5 in Fighting
  3759 | D:3      | Noticed Terence
  3768 | D:3      | Killed Terence
  4588 | D:4      | Learned a level 4 spell: Ice Form
  4649 | D:4      | Reached XP level 7. HP: 62/72 MP: 4/11
  5083 | D:4      | Reached skill level 1 in Ice Magic
  5251 | D:5      | Entered Level 5 of the Dungeon
  5747 | D:5      | Reached skill level 6 in Fighting
  6176 | D:6      | HP: 1/75 [something (5)]
  6194 | D:6      | HP: 3/75 [sky beast (2)]
  6194 | D:6      | Slain by a sky beast

Vault maps used:
D:1:      lightli_arrival_noodles
D:2:      cheibrodos_fertilizer, chequers_ecumenical_altar_simple
D:3:      minivault_4, minivault_26, minmay_misc_feat_x, solitary_fountain,
          uniq_terence, uniq_ijyb
D:5:      first_ration

Skill      XL: |  1  2  3  4  5  6  7 |
---------------+----------------------+-----
Unarmed Combat | 3 4 |  4.7
Dodging        | 2 3 |  3.1
Fighting       | 2 3 4 5 6 |  6.0
Transmutations | 2 3 |  3.0
Poison Magic   | 1 2 |  2.2
Spellcasting   | 3 |  3.0
Ice Magic      | 1 |  1.6

Action                   |  1- 3 |  4- 6 |  7- 9 || total
-------------------------+-------+-------+-------++-------
Melee: Unarmed           |   141 |   247 |   101 ||   489
       Kick              |     3 |     9 |       ||    12
       Headbutt          |     5 |     8 |     1 ||    14
       Punch             |       |     3 |     1 ||     4
 Cast: Beastly Appendage |    12 |    13 |     2 ||    27
       Sticks to Snakes  |     3 |     7 |     2 ||    12
       Spider Form       |       |     6 |     5 ||    11
  Use: Scroll            |       |    10 |     1 ||    11
 Stab: Sleeping          |       |     1 |       ||     1
  Eat: Chunk             |     2 |     9 |     5 ||    16
       Ration            |       |     1 |       ||     1
Armor: Robe              |    44 |    50 |    18 ||   112
       Skin              |       |     1 |     1 ||     2
Dodge: Dodged            |    85 |   165 |    54 ||   304

Table legend:
 A = Non-vault XP
 B = Vault XP
 C = Vault XP percentage of total XP
 D = Non-vault monster count
 E = Vault monster count
 F = Vault count percentage of total count
                 A         B        C        D         E       F
            +---------+---------+-------+---------+---------+-------
      Total |     945 |     170 |  15.2 |      91 |      16 |  15.0
            +---------+---------+-------+---------+---------+-------
        D:1 |      43 |       0 |   0.0 |      22 |       0 |   0.0
        D:2 |     172 |      99 |  36.5 |      20 |      14 |  41.2
        D:3 |      93 |      71 |  43.3 |      16 |       2 |  11.1
        D:4 |     318 |       0 |   0.0 |      23 |       0 |   0.0
        D:5 |     316 |       0 |   0.0 |       9 |       0 |   0.0
        D:6 |       3 |       0 |   0.0 |       1 |       0 |   0.0
            +---------+---------+-------+---------+---------+-------
